Unix NetHack Version 5.0.0-0 post-release - last build May 31 2026 23:59:36 (970b52f25bf058293b47ddfd14a1e40e571c508c,branch:main).

Game began 2026-06-02 09:46:18, ended 2026-06-02 09:55:23.

GdeVolpiano, neutral female human Tourist

                                           ------
                                  ..--------....|
                                  -..)...`......|
                                  #.------....---
                                  |.|    --...|
                                  -.|     |...|
                                  ..|     --<.|
                                  ..--     --.|
                                  ..*--     -.|
                                   ....     ..|
                                    ...     ..--
                                            -..|
                                             -.|
                                             |.|
                                             |.|
                                             |.--.....
                                             |..|..)..
                                             --....|@-
                                              --------
GdeVolpiano the Sightseer   St:12 Dx:11 Co:18 In:13 Wi:8 Ch:13  Neutral
Dlvl:3  $:1591 HP:0(44) Pw:10(10) AC:7  Xp:4 T:1030 

Latest messages:
 The gnome lord hits!
 You hit the gnome lord.
 The gnome lord just misses!
 You miss the gnome lord.
 The gnome lord hits!
 You hit the gnome lord.
 The gnome lord hits!
 You hit the gnome lord.
 The gnome lord hits!
 You hit the gnome lord.
 The gnome lord turns to flee.
 You hit the gnome lord.
 You kill the gnome lord!
 The gnome hits!
 You miss the gnome.
 You hit the gnome.
 You miss the gnome.
 The gnome hits!
 You miss the gnome.
 The dwarf thrusts one of his daggers.
 The dwarf hits!
 The gnome hits!
 What do you want to zap? [yzGK or ?*]
 In what direction?
 The sleep ray hits the dwarf.
 The sleep ray hits the dwarf.
 You miss the gnome.
 You hit the gnome.
 You miss the gnome.
 You kill the gnome!
 You miss the dwarf.
 You hit the dwarf.
 You miss the dwarf.
 You miss the dwarf.
 You miss the dwarf.
 You miss the dwarf.
 You hit the dwarf.
 You hit the dwarf.
 You miss the dwarf.
 The dwarf thrusts one of his daggers.
 The dwarf hits!
 What do you want to zap? [yzGK or ?*]
 In what direction?
 The sleep ray hits the dwarf.
 You hit the dwarf.
 You kill the dwarf!
 You are hit by a dart.
 You die...
 Do you want your possessions identified? [ynq] (y)
 Do you want to see your attributes? [ynq] (y)

Inventory:
 Coins    ('$')
  $ - 1591 gold pieces
 Weapons  (')')
  a - 17 +2 darts (at the ready)
  t - a +0 orcish dagger
  I - a +0 aklys (tethered to right hand)
 Armor    ('[')
  v - an uncursed +0 orcish helm (being worn)
  L - an uncursed +0 pair of iron shoes (being worn)
  M - an uncursed +0 dwarvish cloak (being worn)
  k - an uncursed +0 Hawaiian shirt with a jellyfish motif
 Comestibles  ('%')
  e - 2 uncursed carrots
  d - an uncursed cram ration
  f - 5 uncursed food rations
  g - an uncursed pancake
  b - an uncursed pear
  c - 5 uncursed tripe rations
 Scrolls  ('?')
  w - an uncursed scroll of confuse monster
  j - a blessed scroll of magic mapping
  i - 3 uncursed scrolls of magic mapping
  C - an uncursed scroll of scare monster
 Spellbooks  ('+')
  o - an uncursed spellbook of detect monsters
  p - an uncursed spellbook of healing
 Potions  ('!')
  H - an uncursed potion of acid
  r - a blessed potion of healing
  q - a cursed potion of healing
  F - an uncursed potion of see invisible
  s - an uncursed potion of speed
 Rings    ('=')
  x - an uncursed ring of poison resistance
  A - an uncursed ring of see invisible (on right hand)
 Wands    ('/')
  z - a wand of make invisible (0:5)
  G - a wand of sleep (0:3)
  K - a blessed wand of striking (0:5)
  y - a wand of striking (0:6)
 Tools    ('(')
  m - an uncursed credit card
  l - an expensive camera (0:78)
  N - a +0 pick-axe (alternate weapon; not wielded)
 Gems/Stones  ('*')
  E - an uncursed fluorite stone
  B - an uncursed jade stone
  J - an uncursed worthless piece of red glass

GdeVolpiano the Tourist's attributes:

Background:
 You were a Sightseer, a level 4 female human Tourist.
 You were neutral, nominally on a mission for The Lady
 who was opposed by Blind Io (lawful) and Offler (chaotic).
 You were right-handed.
 You were in the Gnomish Mines, on level 3.
 You entered the dungeon 1030 turns ago.
 There was a full moon in effect when your adventure ended.
 You had 128 experience points, 32 more were needed to attain level 5.

Basics:
 You had 0 out of 44 hit points.
 You had all 10 energy points (spell power).
 Your armor class was 7.
 Your wallet contained 1591 zorkmids.
 Autopickup was on for '$?!/="+' plus thrown, with exceptions.

Final Characteristics:
 Your strength was 12 (limit:18/100).
 Your dexterity was 11 (limit:18).
 Your constitution was 18 (limit:18).
 Your intelligence was 13 (limit:18).
 Your wisdom was 8 (limit:18).
 Your charisma was 13 (limit:18).

Final Status:
 You weren't hungry.
 You were unencumbered.
 You were wielding a club.
 You had no skill with club.

Final Attributes:
 You were devoutly aligned.
 Your items were somewhat protected from fire.
 Your items were somewhat protected from cold.
 You saw invisible.
 You were warded.
 You were lucky.
 You are dead.

Miscellaneous:
 You didn't encounter any bones levels.
 Total elapsed playing time was 9 minutes and 4 seconds.

Major events:
 Turn
    1: GdeVolpiano the neutral female human Tourist entered the dungeon
  541: entered the Gnomish Mines
  645: attained the rank of Sightseer (level 3)
 1030: killed by a dart

You didn't know any spells.

Skills:
 Fighting Skills
   bare handed combat [Unskilled]
   two weapon combat  [Unskilled]
   riding             [Unskilled]
 Weapon Skills
   dagger             [Unskilled]
   knife              [Unskilled]
   axe                [Unskilled]
   pick-axe           [Unskilled]
   short sword        [Unskilled]
   broadsword         [Unskilled]
   long sword         [Unskilled]
   two-handed sword   [Unskilled]
   saber              [Unskilled]
   mace               [Unskilled]
   morning star       [Unskilled]
   flail              [Unskilled]
   hammer             [Unskilled]
   quarterstaff       [Unskilled]
   polearms           [Unskilled]
   spear              [Unskilled]
   trident            [Unskilled]
   lance              [Unskilled]
   bow                [Unskilled]
   sling              [Unskilled]
   crossbow           [Unskilled]
   dart               [Basic]
   shuriken           [Unskilled]
   boomerang          [Unskilled]
   whip               [Unskilled]
   unicorn horn       [Unskilled]
 Spellcasting Skills
   divination spells  [Unskilled]
   enchantment spells [Unskilled]
   escape spells      [Unskilled]

Voluntary challenges:
 Character rerolling was not enabled.
 You were an atheist.
 You never genocided any monsters.
 You never polymorphed an object.
 You never changed form.
 You used no wishes.
Achievements:
 You entered the Gnomish Mines.
 You attained the rank of Sightseer.

 The Dungeons of Doom: levels 1 to 3
    Level 1:
       Some fountains.
    Level 2: "vault"
       Stairs down to The Gnomish Mines.
    Level 3:
 The Gnomish Mines:
    Level 3: <- You were here.
       Final resting place for
          you, killed by a dart.


Vanquished creatures:
  3 gnome leaders
  a little dog
  2 dwarves
 an iguana
  6 gnomes
  a gecko
  4 jackals
  5 goblins
  a sewer rat
  a grid bug
  a lichen
  a kobold zombie
  2 newts
29 creatures vanquished.

No species were genocided or became extinct.

Game over:
                       ----------
                      /          \
                     /    REST    \
                    /      IN      \
                   /     PEACE      \
                  /                  \
                  |   GdeVolpiano    |
                  |     1591 Au      |
                  | killed by a dart |
                  |                  |
                  |                  |
                  |                  |
                  |       2026       |
                 *|     *  *  *      | *
        _________)/\\_//(\/(/\)/\//\/|_)_______

Aloha GdeVolpiano the Tourist...

You died in The Gnomish Mines on dungeon level 3 with 1726 points,
and 1591 pieces of gold, after 1030 moves.
You were level 4 with a maximum of 44 hit points when you died.

